 Dungeon Crawl Stone Soup version 0.29-a0-887-gcbe080d7e0 (webtiles) character file.

Game seed: 907961951069771279

5086 wingedge the Skirmisher (level 10, -12/79 HPs)
             Began as a Human Hunter on July 21, 2022.
             Was an Elder of Wu Jian.
             Mangled by Joseph
             ... wielding a +0 quarterstaff
              (13 damage)
             ... on level 9 of the Dungeon on July 22, 2022.
             The game lasted 00:57:53 (11240 turns).

wingedge the Skirmisher (Human Hunter)             Turns: 11240, Time: 00:57:54

Health: -12/79     AC: 15    Str: 11    XL:     10   Next: 87%
Magic:  20/20      EV: 16    Int: 15    God:    Wu Jian [****..]
Gold:   579        SH:  0    Dex: 21    Spells: 9/9 levels left

rFire   + . .      SeeInvis .   b - +0 great sword
rCold   . . .      Faith    +   (shield currently unavailable)
rNeg    . . .      Spirit   .   D - +3 leather armour {rF+}
rPois   .          Reflect  .   w - +3 hat of Pondering {ponderous, Will+ MP+10 Int+5}
rElec   .          Harm     .   A - +2 cloak {Will+}
rCorr   .          Rampage  .   y - +0 pair of gloves
Will    ++...                   f - +1 pair of boots
Stlth   +++.......              I - amulet of faith
HPRegen 0.23/turn               (no ring)
MPRegen 0.17/turn               (no ring)

@: on berserk cooldown, flying (expiring), slow
A: no striking features
a: Renounce Religion, Wall Jump, Serpent's Lash


You were on level 9 of the Dungeon.
You worshipped Wu Jian.
Wu Jian was greatly pleased with you.
You visited 1 branch of the dungeon, and saw 10 of its levels.

You collected 579 gold pieces.

Inventory:

Hand Weapons
 a - a +1 longbow
 b - a +0 great sword (weapon)
 c - a +2 antimagic dagger
 d - a +2 whip of electrocution
 h - the +7 quarterstaff of the Spinneret {flame, Will++}
   (You found it on level 8 of the Dungeon)

   It burns those it strikes, dealing additional fire damage.
   Will:      It greatly increases your willpower.
 o - a +0 long sword
 r - a +2 short sword of speed
 u - a +2 scimitar of flaming
 v - a +1 dagger of venom
 x - a +4 falchion
Armour
 f - a +1 pair of boots (worn)
 w - the +3 hat of Pondering (worn) {ponderous, Will+ MP+10 Int+5}
   (You found it on level 4 of the Dungeon)

   Int:       It affects your intelligence (+5).
   MP:        It affects your magic capacity (+10).
   Will:      It increases your willpower.
 y - a +0 pair of gloves (worn)
 A - a +2 cloak of willpower (worn)
 D - a +3 leather armour of fire resistance (worn)
Magical Staves
 g - a staff of conjuration
Jewellery
 t - a ring of wizardry
 I - an amulet of faith (around neck)
Wands
 B - a wand of digging (7)
 G - a wand of polymorph (10)
 H - a wand of charming (10)
Scrolls
 i - a scroll of fear
 k - a scroll of magic mapping
 m - 2 scrolls of immolation
 q - 2 scrolls of silence
 s - a scroll of torment
 z - a scroll of enchant weapon
 K - 2 scrolls of amnesia {unknown}
Potions
 e - 4 potions of attraction
 l - 2 potions of might
 n - a potion of magic {unknown}
 p - a potion of lignification
 C - a potion of curing {unknown}
 E - a potion of cancellation {unknown}
 J - a potion of resistance {unknown}


   Skills:
 + Level 7.0 Fighting
 * Level 3.4 Long Blades
 - Level 2.0(2.6) Maces & Flails
 - Level 2.6(3.0) Staves
 + Level 9.3 Ranged Weapons
 - Level 3.0 Armour
 + Level 7.1 Dodging
 + Level 6.3 Stealth


You had 9 spell levels left.
You didn't know any spells.
Your spell library contained the following spells:

 Spells                   Type           Power      Damage    Failure   Level
 Apportation              Tloc           0%         N/A       34%         1
 Magic Dart               Conj           0%         1d3       34%         1
 Necrotise                Necr           0%         1d4       34%         1
 Summon Small Mammal      Summ           0%         N/A       34%         1
 Ensorcelled Hibernation  Hex/Ice        0%         N/A       45%         2
 Searing Ray              Conj           0%         2d4       45%         2
 Gell's Gravitas          Tloc           0%         N/A       71%         3
 Lesser Beckoning         Tloc           0%         N/A       71%         3
 Spider Form              Tmut/Pois      0%         N/A       71%         3
 Stone Arrow              Conj/Erth      0%         3d7       71%         3
 Summon Guardian Golem    Hex/Summ       0%         N/A       71%         3
 Teleport Other           Tloc           0%         N/A       71%         3
 Anguish                  Hex/Necr       0%         N/A       98%         4
 Animate Armour           Summ/Erth      0%         N/A       98%         4
 Fulminant Prism          Conj/Hex       0%         3d6       98%         4
 Orb of Destruction       Conj           0%         9d5       100%        7
 Spellforged Servitor     Conj/Summ      0%         N/A       100%        7
 Lehudib's Crystal Spear  Conj/Erth      0%         10d2      100%        8


Dungeon Overview and Level Annotations

Branches:
Dungeon (10/15)            Temple (0/1) D:4             Orc (0/2) D:9
   Lair: D:8-11

Altars:
Gozag
Makhleb
Okawaru
Qazlal
Sif Muna
Trog
Uskayaw
Wu Jian
Xom
Yredelemnul

Annotations:
D:9 2 transporters, Joseph; SirDiesAlot's ghost, novice DEEE


Message History

You feel very buoyant.
You fly up into the air.
You feel less exhausted.
You feel much better.
Joseph shoots a sling bullet.
The sling bullet closely misses you.
Fire: a) +1 longbow
Press: ? - help, Q - select action, (/) - cycle Shift-Dir - straight line, f - Joseph
Aim: Joseph, wielding a +0 sling and wearing a +0 chain mail (heavily wounded, 74% to hit)
You shoot an arrow. The arrow closely misses Joseph.
Joseph shoots a sling bullet.
The sling bullet barely misses you.
Okay, then.
b - a +0 great sword (weapon)
Joseph unwields a +0 sling.
Joseph wields a +0 quarterstaff.
Joseph hits you with a +0 quarterstaff.
* * * LOW HITPOINT WARNING * * *
You hit Joseph.
Joseph is heavily wounded.
Joseph hits you with a +0 quarterstaff.
* * * LOW HITPOINT WARNING * * *
Joseph hits you with a +0 quarterstaff!
* * * LOW HITPOINT WARNING * * *
Okay, then.
You slash Joseph!
Joseph is severely wounded.
Joseph hits you with a +0 quarterstaff.
* * * LOW HITPOINT WARNING * * *
Joseph barely misses you.
You slash Joseph!
Joseph is almost dead.
You feel yourself speed up. Joseph hits you but does no damage.
Joseph closely misses you.
You barely miss Joseph.
Joseph is almost dead.
Joseph hits you but does no damage. Joseph hits you with a +0 quarterstaff.
* * * LOW HITPOINT WARNING * * *
You closely miss Joseph.
Joseph is almost dead.
You are starting to lose your buoyancy.
Joseph hits you with a +0 quarterstaff!
You die...

##.........##..........#......#
#..........@#....>....#......#
#...........#.........#......#
##..........#.........'......'
#..........#.........#......#
##.........#.........#......#
#.........#.<.......#......#
#.......[)###########......#
#.......).@@...............#
#..........................#
#.....###############......#
####..#.............#####..#
#..#............>....#..#
#..#.................#..#
#..#..#####..........#...
###..#..#...#..........#...
#....#..#...#..........#...


You could see Joseph.

Vanquished Creatures
  Erica (D:9)
  Maurice (D:7)
  Prince Ribbit (D:5)
  Sigmund (D:2)
  2 shadows (D:9)
  2 wraiths (D:9)
  A steam dragon (D:7)
  A two-headed ogre zombie (D:9)
  2 orc warriors
  A centaur (D:9)
  A phantom (D:6)
  Blork the orc (D:6)
  4 kobold brigands
  2 bullfrogs (D:6)
  A necrophage (D:5)
  3 gnoll sergeants
  5 wights (D:9)
  3 troll zombies (D:9)
  8 killer bees
  2 howler monkeys
  A hound (D:6)
  A jelly (D:6)
  Crazy Yiuf (D:3)
  5 orc priests
  A gnoll bouda (D:5)
  5 iguanas
  Jessica (D:3)
  4 orc wizards (D:8)
  Ijyb (D:5)
  4 ogre zombies (D:9)
  15 gnolls
  10 adders
  A shadow imp (D:7)
  2 white imps (D:8)
  2 ufetubi
  2 dart slugs (D:3)
  33 orcs
  5 endoplasms
  2 giant cockroaches (D:1)
  8 goblins
  8 hobgoblins
  4 jackals (D:5)
  6 quokkas
  6 ball pythons
  7 bats
  2 frilled lizards (D:1)
  3 goblin zombies (D:9)
  A hobgoblin zombie (D:9)
  29 kobolds
  3 orc skeletons (D:9)
  16 orc zombies (D:9)
  6 rats
238 creatures vanquished.

Vanquished Creatures (collateral kills)
  2 orcs (D:8)
2 creatures vanquished.

Vanquished Creatures (others)
  A kobold (D:8)
  An orc zombie (D:9)
  A fungus (D:3)
3 creatures vanquished.

Grand Total: 243 creatures vanquished

Notes
Turn   | Place    | Note
-------+----------+-------------------------------------------
     0 | D:1      | wingedge the Human Hunter began the quest for the Orb.
     0 | D:1      | Reached XP level 1. HP: 16/16 MP: 1/1
   160 | D:1      | Reached XP level 2. HP: 22/22 MP: 2/2
   201 | D:1      | Found a faded altar of an unknown god.
   229 | D:1      | Prayed at the altar of an unknown god.
   229 | D:1      | Became a worshipper of the Wu Jian Council
   229 | D:1      | Reached * piety under Wu Jian
   575 | D:1      | Reached XP level 3. HP: 28/28 MP: 3/3
  1195 | D:2      | Reached XP level 4. HP: 34/34 MP: 4/4
  1231 | D:2      | Reached ** piety under Wu Jian
  1252 | D:2      | Noticed Sigmund
  1266 | D:2      | Killed Sigmund
  1267 | D:2      | Reached XP level 5. HP: 16/41 MP: 5/5
  1267 | D:2      | Reached XP level 6. HP: 18/47 MP: 6/6
  1983 | D:3      | You fall into a shaft and drop 2 floors!
  1983 | D:5      | Entered Level 5 of the Dungeon
  1998 | D:5      | Reached skill level 5 in Ranged Weapons
  2397 | D:3      | Noticed Jessica
  2401 | D:3      | Killed Jessica
  2796 | D:3      | Found a runed translucent door.
  2797 | D:3      | Noticed Crazy Yiuf
  2807 | D:3      | Killed Crazy Yiuf
  2808 | D:3      | Reached XP level 7. HP: 47/53 MP: 7/7
  2952 | D:4      | Found the +3 hat of Pondering {ponderous, Will+ MP+10
                  | Int+5}
  3118 | D:4      | Found a staircase to the Ecumenical Temple.
  3158 | D:4      | Found a hide-covered altar of Uskayaw.
  3334 | D:4      | Found an opulent altar of Gozag.
  3360 | D:4      | Found an iron altar of Okawaru.
  3916 | D:5      | Found a shimmering altar of Xom.
  3933 | D:5      | Reached *** piety under Wu Jian
  4150 | D:5      | Noticed Ijyb
  4201 | D:5      | Killed Ijyb
  4270 | D:5      | Noticed Prince Ribbit
  4649 | D:5      | Found a burning altar of Makhleb.
  4649 | D:5      | Found a basalt altar of Yredelemnul.
  4679 | D:5      | Reached XP level 8. HP: 57/61 MP: 8/8
  4688 | D:5      | Reached skill level 6 in Ranged Weapons
  4740 | D:5      | Killed Prince Ribbit
  5430 | D:6      | Reached skill level 1 in Armour
  5678 | D:6      | Reached skill level 5 in Dodging
  5678 | D:6      | Reached skill level 5 in Stealth
  5682 | D:6      | Reached skill level 5 in Fighting
  5682 | D:6      | Found a shimmering blue altar of Sif Muna.
  5855 | D:6      | Noticed Blork the orc
  5865 | D:6      | Killed Blork the orc
  5866 | D:6      | Reached skill level 7 in Ranged Weapons
  6001 | D:6      | Reached skill level 1 in Maces & Flails
  6001 | D:6      | Reached XP level 9. HP: 60/68 MP: 9/9
  6196 | D:6      | Found a stormy altar of Qazlal.
  8111 | D:8      | Noticed Maurice
  8118 | D:8      | Reached **** piety under Wu Jian
  8143 | D:7      | Killed Maurice
  8144 | D:7      | Reached skill level 8 in Ranged Weapons
  8666 | D:8      | Reached skill level 1 in Long Blades
  9010 | D:8      | Reached XP level 10. HP: 66/76 MP: 10/10
  9581 | D:8      | Identified the +7 quarterstaff of the Spinneret {flame,
                  | Will++}
  9676 | D:9      | Found a transporter.
  9679 | D:9      | Noticed SirDiesAlot's ghost (novice DEEE)
  9680 | D:9      | Noticed a moth of wrath
  9681 | D:9      | Noticed a komodo dragon
  9708 | D:9      | Reached skill level 1 in Staves
  9763 | D:9      | Noticed Joseph
 10043 | D:9      | Noticed Erica
 10055 | D:9      | Killed Erica
 10056 | D:9      | Reached skill level 9 in Ranged Weapons
 10365 | D:9      | Found a transporter.
 10368 | D:9      | Reached ***** piety under Wu Jian
 10370 | D:9      | Found a staircase to the Orcish Mines.
 11041 | D:10     | Entered Level 10 of the Dungeon
 11098 | D:9      | Found a bloodstained altar of Trog.
 11237 | D:9      | HP: 2/79 [Joseph/+0 quarterstaff (5)]
 11240 | D:9      | Mangled by Joseph

Illustrated notes

Levels and vault maps discovered:
D:1:      dpeg_arrival_leaves_temple_mockup, layout_basic,
          shapermc_ecumenical_altar_starsandcircs
D:2:      layout_basic, serial_glass, glass_columns_c, glass_columns_c,
          glass_columns_a, glass_columns_a, uniq_sigmund
D:3:      layout_loops_cross, nicolae_hexahallways, uniq_jessica,
          uniq_crazy_yiuf_cottage
D:4:      layout_layer_cave, nicolae_gozag_cash_rules_everything_around_me,
          lemuel_crystal_altar, overflow_temple_1_default,
          minmay_temple_entry_butterflies, minmay_ruptured
D:5:      layout_rooms, mainiacjoe_overflow_alcove_1,
          gammafunk_temple_overflow_elements, chequers_serial_rivers_small_3,
          uniq_prince_ribbit1, uniq_ijyb
D:6:      layout_layer_cave, lemuel_tele_altar, marbit_many_paths,
          uniq_blork_the_orc
D:7:      layout_layer_cave, minmay_misc_feat_enclosed
D:8:      layout_cave_pods, uniq_maurice
D:9:      layout_irregular_city, lemuel_doored_altar,
          mainiacjoe_overflow_catwalk, zombieorc2_lemuel,
          gammafunk_ghost_berserking_beasts, uniq_joseph, uniq_erica
D:10:     layout_roguey, uniq_fannar

Skill      XL: |  1  2  3  4  5  6  7  8  9 10 |
---------------+-------------------------------+-----
Stealth        | 2 3 4 5 6 |  6.3
Fighting       | 3 4 5 6 7 |  7.0
Dodging        | 3 4 5 6 7 |  7.1
Ranged Weapons | 5 7 8 9 |  9.3
Armour         | 1 3 |  3.0
Maces & Flails | 1 2 |  2.0
Long Blades    | 1 3 |  3.4
Staves         | 2 |  2.6

Action                   |  1- 3 |  4- 6 |  7- 9 | 10-12 || total
-------------------------+-------+-------+-------+-------++-------
Melee: Whip              |       |       |   165 |    83 ||   248
       Punch             |       |       |     2 |     1 ||     3
       Scimitar          |       |       |       |    60 ||    60
       Quarterstaff      |       |       |       |    32 ||    32
       Great sword       |       |       |       |    24 ||    24
 Fire: Shortbow          |    82 |    17 |     1 |       ||   100
       Sling             |       |   102 |   301 |    15 ||   418
       Longbow           |       |       |       |    81 ||    81
Invok: Lunge             |       |       |     6 |    11 ||    17
       Whirlwind         |       |       |    14 |    44 ||    58
       Serpent's Lash    |       |       |     2 |     3 ||     5
       Heavenly Storm    |       |       |       |     1 ||     1
 Abil: Wall Jump         |       |       |     1 |    15 ||    16
Evoke: Wand              |       |       |    11 |     2 ||    13
  Use: Scroll            |       |       |    13 |     7 ||    20
       Potion            |       |       |     3 |     4 ||     7
 Stab: Sleeping          |       |       |     4 |       ||     4
       Distracted        |       |       |     1 |       ||     1
Armor: Leather armour    |     7 |     5 |   121 |    70 ||   203
       Robe              |       |     6 |    61 |       ||    67
       Skin              |       |       |    90 |       ||    90
Dodge: Dodged            |    28 |    43 |   424 |   176 ||   671

Table legend: (Time is in decaauts)
 A = Elapsed time spent in this place.
 B = Non-inter-level travel time spent in this place.
 C = Inter-level travel time spent in this place.
 D = Time resting spent in this place.
 E = Time spent auto-exploring this place.
 F = Levels seen in this place.
 G = Mean time per level.
                   A        B        C        D        E       F      G
               +--------+--------+--------+--------+--------+-----+--------+
         Total |  11880 |  11081 |    799 |   2192 |   5908 |  10 | 1188.0 |
       Dungeon |  11880 |  11081 |    799 |   2192 |   5908 |  10 | 1188.0 |
               +--------+--------+--------+--------+--------+-----+--------+

Top non-repeatable levels by time:
     D:6: 1754 daAuts
     D:7: 1719 daAuts
     D:8: 1699 daAuts
     D:9: 1401 daAuts
     D:4: 1342 daAuts
     D:5: 1137 daAuts
     D:2: 1077 daAuts
     D:3: 1023 daAuts
     D:1: 723 daAuts
    D:10: 1 daAuts
